 Dungeon Crawl Stone Soup version 0.31-a0-431-g88bdf31460 (webtiles) character file.

Game seed: 12681547316890431536

91 randomguy2701 the Shield-Bearer (level 4, -4/40 HPs)
             Began as a Minotaur Fighter on July 31, 2023.
             Slain by a gnoll
             ... wielding a +0 flail
              (10 damage)
             ... on level 3 of the Dungeon.
             The game lasted 00:01:21 (1596 turns).

randomguy2701 the Shield-Bearer (Minotaur Fighter)  Turns: 1596, Time: 00:01:21

Health: -4/40      AC:  7    Str: 21    XL:     4   Next: 34%
Magic:  3/3        EV:  9    Int:  5    God:
Gold:   179        SH:  5    Dex: 11    Spells: 3/3 levels left

rFire   . . .        a - +0 war axe
rCold   . . .        c - +0 buckler
rNeg    . . .        b - +0 scale mail
rPois   .            (helmet restricted)
rElec   .            (no cloak)
rCorr   .            (no gloves)
SInv    .            (no boots)
Will    .....        (no amulet) Stlth
                     (no ring)
HPRegen 0.26/turn    (no ring)
MPRegen 0.08/turn

%: no passive effects
@: no status effects
A: horns 2, retaliatory headbutt
a: no special abilities


You were on level 3 of the Dungeon.
You visited 1 branch of the dungeon, and saw 3 of its levels.

You collected 179 gold pieces.

Inventory:

Hand Weapons
 a - a +0 war axe (weapon)
Armour
 b - a +0 scale mail (worn)
 c - a +0 buckler (worn)
Scrolls
 e - a scroll of fog {unknown}
 i - 2 scrolls of identify {unknown}
 j - a scroll of immolation {unknown}
 k - a scroll of vulnerability {unknown}
Potions
 d - a potion of might
 f - a potion of enlightenment {unknown}
 g - 3 potions of haste {unknown}
 h - 3 potions of curing {unknown}


   Skills:
 + Level 4.2 Fighting
 + Level 3.5 Axes
 + Level 4.1 Armour
 + Level 0.2 Dodging
 + Level 4.7 Shields


You had 3 spell levels left.
You didn't know any spells.
Your spell library was empty.

Dungeon Overview and Level Annotations

Branches:
Dungeon (3/15)

Altars:
Elyvilon

Shops:
D:1 !   D:2 ?


Innate Abilities, Weirdness & Mutations

You have a pair of horns on your head.
You reflexively headbutt those who attack you in melee.


Message History

The gnoll shouts! x2; You hear a shout! x2
There is a stone staircase leading up here.
There are monsters nearby!
There are monsters nearby!
There are monsters nearby!
There are monsters nearby!
Found 16 gold pieces.
A gnoll comes into view. It is wielding a +0 flail.
The gnoll hits you from afar with a +0 halberd!
You closely miss the gnoll.
A bat comes into view.
The gnoll barely misses you. The gnoll hits you with a +0 whip.
You slash the gnoll!
You kill the gnoll!
You block the gnoll's attack.
You completely miss the gnoll. The gnoll hits you with a +0 flail.
The gnoll closely misses you.
A kobold comes into view. It is wielding a +0 short sword.
The gnoll hits you from afar with a +0 halberd.
You block the gnoll's attack.
You slash the gnoll!
The gnoll is heavily wounded.
The gnoll hits you with a +0 flail.
The gnoll hits you from afar with a +0 halberd.
You are too injured to fight recklessly!
You are too injured to fight recklessly!
You are too injured to fight recklessly!
You barely miss the gnoll.
The gnoll is heavily wounded.
The gnoll completely misses you. The gnoll misses you.
The gnoll completely misses you. You block the gnoll's attack.
You barely miss the gnoll.
The gnoll is heavily wounded.
You block the gnoll's attack.
The gnoll hits you from afar with a +0 halberd!
* * * LOW HITPOINT WARNING * * *
You hit the gnoll.
The gnoll is almost dead.
The gnoll hits you with a +0 flail!
You die... ...#..... ........ #...... ..... .K.. #gb

#g# .######@#
####
........#....#
######.<.....#
##.#......
#.#$..... #.#
..... ...
$..## ... ..#
... ...


You could see 2 gnolls, a bat and a kobold.

Vanquished Creatures
  Terence (D:2)
  A gnoll (D:3)
  A worm (D:2)
  A dart slug (D:2)
  2 endoplasms (D:1)
  2 giant cockroaches
  5 goblins
  6 hobgoblins
  6 jackals
  3 kobolds
  7 ball pythons
  4 bats (D:1)
  9 rats
48 creatures vanquished.

Notes
Turn   | Place    | Note
-------+----------+-------------------------------------------
     0 | D:1      | randomguy2701 the Minotaur Fighter began the quest for the
                  | Orb.
     0 | D:1      | Reached XP level 1. HP: 19/19 MP: 0/0
   107 | D:1      | Reached XP level 2. HP: 27/27 MP: 1/1
   290 | D:1      | Found Xiostroj's Distillery.
   395 | D:1      | Reached XP level 3. HP: 33/33 MP: 2/2
   725 | D:2      | Noticed Terence
   735 | D:2      | Killed Terence
   833 | D:2      | Reached XP level 4. HP: 40/40 MP: 3/3
   963 | D:2      | Found Batwy's Magic Scroll Shoppe.
  1137 | D:2      | Found a white marble altar of Elyvilon.
  1596 | D:3      | Slain by a gnoll

Illustrated notes

Levels and vault maps discovered:
D:1:      dpeg_arrival_lava_temple_mockup, layout_basic, serial_shops,
          nicolae_shop_advertising_works [nicolae_subvault_shop_adworks],
          minmay_misc_feat_chi, minmay_tetromino_t4
D:2:      layout_basic, serial_shops, nicolae_shop_rolling_square, basic_altar,
          uniq_terence
D:3:      layout_rooms, lemuel_zombie_altar_yredelemnul, gammafunk_ghost_arena

Skill      XL: |  1  2  3 |
---------------+----------+-----
Armour         | 4 |  4.1
Shields        | 4 |  4.7
Fighting       | 4 |  4.2
Axes           | 3 |  3.5
Dodging        | |  0.2

Action                     |  1- 3 |  4- 6 || total
---------------------------+-------+-------++-------
  Melee: War axe           |    71 |    27 ||    98
         Headbutt          |    12 |     4 ||    16
 Armour: Scale mail        |    51 |     9 ||    60
  Dodge: Dodged            |    43 |    12 ||    55
  Block: Buckler           |    32 |     5 ||    37

Table legend: (Time is in decaauts)
 A = Elapsed time spent in this place.
 B = Non-inter-level travel time spent in this place.
 C = Inter-level travel time spent in this place.
 D = Time resting spent in this place.
 E = Time spent auto-exploring this place.
 F = Levels seen in this place.
 G = Mean time per level.
                   A        B        C        D        E       F      G
               +--------+--------+--------+--------+--------+-----+--------+
         Total |   1634 |   1564 |     70 |      0 |   1306 |   3 |  544.7 |
       Dungeon |   1634 |   1564 |     70 |      0 |   1306 |   3 |  544.7 |
               +--------+--------+--------+--------+--------+-----+--------+

Top non-repeatable levels by time:
     D:2: 963 daAuts
     D:1: 659 daAuts
     D:3: 11 daAuts
